 Dungeon Crawl Stone Soup version 0.26-a0-597-gb535b0901c (webtiles) character file.

Game seed: 2917831766912774209

362 Alarkh the Insei (level 6, -3/48 HPs)
             Began as a Demonspawn Gladiator on Sept 12, 2020.
             Slain by a two-headed ogre
             ... wielding a +0 dire flail
              (20 damage)
             ... on level 3 of the Dungeon.
             The game lasted 00:02:42 (2412 turns).

Alarkh the Insei (Demonspawn Gladiator)             Turns: 2412, Time: 00:02:42

Health: -3/48      AC:  5    Str: 14    XL:     6   Next: 39%
Magic:  6/6        EV: 12    Int: 18    God:
Gold:   207        SH:  0    Dex: 14    Spells: 5/5 levels left

rFire    . . .     SeeInvis .     - Unarmed
rCold    . . .     Faith    .   (no shield)
rNeg     . . .     Spirit   .   a - +0 leather armour
rPois    .         Reflect  .   b - +0 helmet
rElec    .         Harm     .   g - +0 cloak
rCorr    +                      (no gloves)
MR       .....                  (no boots)
Stlth    +.........             (no amulet)
HPRegen  0.16/turn              n - +6 ring of intelligence
MPRegen  0.10/turn              m - ring of resist corrosion

@: no status effects
A: claws 2
a: no special abilities


You were on level 3 of the Dungeon.
You visited 1 branch of the dungeon, and saw 3 of its levels.

You collected 207 gold pieces.

Inventory:

Missiles
 c - 2 throwing nets (quivered)
Armour
 a - a +0 leather armour (worn)
 b - a +0 helmet (worn)
 g - a +0 cloak (worn)
Jewellery
 e - an uncursed ring of magical power
 i - an uncursed ring of ice
 m - a ring of resist corrosion (right claw)
 n - a +6 ring of intelligence (left claw)
Wands
 d - a wand of flame (21)
Scrolls
 f - 2 scrolls of magic mapping {unknown}
 h - a scroll of fear {unknown}
 j - 2 scrolls of blinking {unknown}
 k - 2 scrolls of noise {unknown}
 l - 3 scrolls of identify {unknown}


   Skills:
 + Level 4.1 Fighting
 - Level 1.7 Throwing
 - Level 2.6 Dodging
 * Level 5.6 Unarmed Combat


You had 5 spell levels left.
You didn't know any spells.
Your spell library was empty.

Dungeon Overview and Level Annotations

Branches:
Dungeon (3/15)

Altars:

Annotations:
D:3 2 transporters, Lanoc's ghost, amateur TrTm


Innate Abilities, Weirdness & Mutations

You have very sharp fingernails.


Message History

You scratch the two-headed ogre.
The two-headed ogre is lightly wounded.
The two-headed ogre struggles against the net.
You scratch the two-headed ogre but do no damage.
The two-headed ogre is lightly wounded.
The two-headed ogre struggles against the net.
You scratch the two-headed ogre but do no damage.
The two-headed ogre is lightly wounded.
The two-headed ogre struggles against the net.
You claw the two-headed ogre!
The two-headed ogre is lightly wounded.
You strike the helpless two-headed ogre from behind!
You scratch the two-headed ogre but do no damage.
The two-headed ogre is lightly wounded.
The two-headed ogre struggles against the net.
The net rips apart, and the two-headed ogre comes free!
Evoke which item? (* to show all) (? for menu, Esc to quit)
Okay, then.
The two-headed ogre hits you with a +0 dire flail!!
You die...

..#####.........##.#.#
#.#####.........##.#.#
#...............##.#.#
#..###########'###.#.#
#..# #.#...#.# #..#
#.#.#...# #..#
#.#'#<#.# #..#
#.....#.# #..#
#..@..#.# #..#
#..O..#.# ...#
#.#'#.#.# ...#
#.#.#.#.# ..##
#.#.#.#.# ### #.#.#.#
#.#.#.# #.# #(.


You could see a two-headed ogre.

Vanquished Creatures
  Sigmund (D:2)
  A bullfrog skeleton (D:2)
  Ijyb (D:3)
  Jessica (D:3)
  A gnoll (D:1)
  5 adders
  A worm (D:2)
  A dart slug (D:1)
  4 leopard geckos
  An orc (D:3)
  2 giant cockroaches
  3 hobgoblins
  9 jackals (D:1)
  10 kobolds
  A ball python (D:2)
  A ball python zombie (D:1)
  5 bats
  6 frilled lizards
  6 goblins
  A leopard gecko zombie (D:1)
  9 rats
70 creatures vanquished.

Notes
Turn   | Place    | Note
-------+----------+-------------------------------------------
     0 | D:1      | Alarkh the Demonspawn Gladiator began the quest for the
                  | Orb.
     0 | D:1      | Reached XP level 1. HP: 16/16 MP: 1/1
   326 | D:1      | Reached skill level 3 in Unarmed Combat
   339 | D:1      | Gained mutation: You have sharp fingernails. [demonic
                  | ancestry]
   339 | D:1      | Reached XP level 2. HP: 13/22 MP: 2/2
   608 | D:1      | Gained mutation: You have very sharp fingernails. [demonic
                  | ancestry]
   608 | D:1      | Reached XP level 3. HP: 20/28 MP: 3/3
  1008 | D:2      | Reached skill level 4 in Unarmed Combat
  1008 | D:2      | Reached XP level 4. HP: 11/35 MP: 4/4
  1389 | D:2      | Noticed Sigmund
  1414 | D:2      | HP: 1/35 [Sigmund/puff of flame (1)]
  1417 | D:2      | Killed Sigmund
  1417 | D:2      | Reached skill level 5 in Unarmed Combat
  1417 | D:2      | Reached XP level 5. HP: 1/42 MP: 5/5
  1770 | D:2      | Reached XP level 6. HP: 47/48 MP: 6/6
  2152 | D:3      | Noticed Ijyb
  2155 | D:3      | Noticed Jessica
  2173 | D:3      | Killed Jessica
  2188 | D:3      | Killed Ijyb
  2324 | D:3      | Noticed an ice beast
  2325 | D:3      | Found a transporter.
  2325 | D:3      | Noticed Lanoc's ghost (amateur TrTm)
  2326 | D:3      | Found a transporter.
  2402 | D:3      | Noticed a two-headed ogre
  2412 | D:3      | Slain by a two-headed ogre

Illustrated notes

Levels and vault maps discovered:
D:1:      saegor_arrival_fortress, layout_basic, chequers_serial_rivers_room_b,
          chequers_garden
D:2:      layout_basic, minivault_4, uniq_sigmund
D:3:      layout_basic, gammafunk_ghost_arena, uniq_ijyb, uniq_jessica,
          uniq_terence, uniq_robin

Skill      XL: |  1  2  3  4  5  6 |
---------------+-------------------+-----
Unarmed Combat | 3 4 5 |  5.6
Fighting       | 3 4 |  4.1
Throwing       | |  1.7
Dodging        | |  2.6

Action                   |  1- 3 |  4- 6 || total
-------------------------+-------+-------++-------
Melee: Unarmed           |   137 |    81 ||   218
Throw: Throwing net      |       |     6 ||     6
  Use: Potion            |       |     3 ||     3
 Stab: Sleeping          |       |     2 ||     2
       Held in net/web   |       |     1 ||     1
Armor: Leather armour    |    52 |    24 ||    76
Dodge: Dodged            |    84 |    66 ||   150

Table legend: (Time is in decaauts)
 A = Elapsed time spent in this place.
 B = Non-inter-level travel time spent in this place.
 C = Inter-level travel time spent in this place.
 D = Time resting spent in this place.
 E = Time spent auto-exploring this place.
 F = Levels seen in this place.
 G = Mean time per level.
                   A        B        C        D        E       F      G
               +--------+--------+--------+--------+--------+-----+--------+
         Total |   2372 |   2312 |     60 |    270 |   1612 |   3 |  790.7 |
       Dungeon |   2372 |   2312 |     60 |    270 |   1612 |   3 |  790.7 |
               +--------+--------+--------+--------+--------+-----+--------+

Top non-repeatable levels by time:
     D:2: 1192 daAuts
     D:1: 910 daAuts
     D:3: 269 daAuts
